 Dungeon Crawl Stone Soup version 0.31-a0-986-g5e6e4ef867 (webtiles) character file.

Game seed: 11091414696931707652

63 timneilson the Ruffian (level 4, -5/29 HPs)
             Began as an Octopode Shapeshifter on Nov 16, 2023.
             Killed from afar by Ijyb (13 damage)
             ... with a bolt of light
             ... on level 3 of the Dungeon.
             The game lasted 00:02:08 (1584 turns).

timneilson the Ruffian (Octopode Shapeshifter)      Turns: 1584, Time: 00:02:08

Health: -5/29      AC:  1    Str: 15    XL:     4   Next: 10%
Magic:  4/4        EV: 13    Int: 12    God:
Gold:   49         SH:  0    Dex: 11    Spells: 3/3 levels left

rFire   . .          .
                       - Unarmed
rCold   . . .        (no shield)
rNeg    . . .        (helmet currently unavailable)
rPois   .            (no amulet)
rElec   .            (no ring)
rCorr   .            (no ring)
SInv    .            (no ring)
Will    .....        (no ring)
Stlth   ++           (no ring)
HPRegen 0.24/turn    (no ring)
MPRegen 0.09/turn    (no ring)
                     (no ring)

%: no passive effects
@: confused, beast-form
A: beast (slay +1), almost no armour, amphibious, 8 rings, camouflage 1,
gelatinous body 1, (nimble swimmer 1), tentacles
a: Begin Untransformation


You were on level 3 of the Dungeon.
You were a hulking beast.
You visited 1 branch of the dungeon, and saw 3 of its levels.

You collected 49 gold pieces.

Inventory:

Jewellery
 j - a ring of fire
Talismans
 b - a beast talisman
 c - a flux talisman
Scrolls
 f - a scroll of identify
Potions
 a - a potion of lignification
 d - 2 potions of curing
 e - 2 potions of mutation


   Skills:
 * Level 2.0 Fighting
 * Level 2.6 Dodging
 + Level 1.3 Stealth
 * Level 3.4 Unarmed Combat
 * Level 3.3 Shapeshifting


You had 3 spell levels left.
You didn't know any spells.
Your spell library contained the following spells:

 Spells                   Type           Power      Damage    Failure   Level
 Summon Small Mammal      Summ           0%         N/A       32%         1
 Call Canine Familiar     Summ           0%         N/A       69%         3
 Summon Guardian Golem    Hex/Summ       0%         N/A       69%         3


Dungeon Overview and Level Annotations

Branches:
Dungeon (3/15)

Altars:
Ashenzari

Annotations:
D:3 Ijyb


Innate Abilities, Weirdness & Mutations

You are a hulking beast.
Your limbs bulge with bestial killing power. (Slay +1)
You cannot wear most types of armour.
You are amphibious.
You can wear up to eight rings at the same time.
Your skin changes colour to match your surroundings (Stealth+).
Your rubbery body absorbs attacks. (AC +1, EV +1)
((You are camouflaged when in or above water. (Stealth+)))
You have tentacles for arms and can constrict up to eight enemies at once.


Message History

You constrict the ball python. The ball python misses you.
The ball python barely misses you.
You tentacle-slap the ball python.
You kill the ball python!
Found a great mace.
Ijyb the Twisted Goblin comes into view.
She is wielding a +0 dagger and carrying a wand of light.
Found a scale mail.
You hear the slow rusting of a very distant drain.
Ijyb hits you with a +0 dagger.
You closely miss Ijyb. You grab Ijyb. You constrict Ijyb, but do no damage.
Ijyb zaps a wand.
The bolt of light misses you.
You tentacle-slap Ijyb.
Ijyb is lightly wounded.
You constrict Ijyb, but do no damage.
Ijyb screams, "It's all mine!"
Ijyb misses you.
You tentacle-slap Ijyb but do no damage.
You squeeze Ijyb, but do no damage.
Ijyb is lightly wounded.
You constrict Ijyb, but do no damage. Ijyb hits you with a +0 dagger.
You tentacle-slap Ijyb but do no damage.
Ijyb is lightly wounded.
You constrict Ijyb, but do no damage. Ijyb hits you with a +0 dagger.
You tentacle-slap Ijyb.
Ijyb is moderately wounded.
You constrict Ijyb.
Ijyb zaps a wand.
The bolt of light misses you.
You tentacle-slap Ijyb but do no damage.
Ijyb is moderately wounded.
You constrict Ijyb.
You tentacle-slap Ijyb but do no damage.
Ijyb is heavily wounded.
You constrict Ijyb.
Ijyb zaps a wand.
The bolt of light misses you.
You tentacle-slap Ijyb but do no damage.
Ijyb is heavily wounded.
You constrict Ijyb.
Ijyb zaps a wand.
The bolt of light hits you!
You are confused.
* * * LOW HITPOINT WARNING * * *
You bump into the rock wall.
You constrict Ijyb, but do no damage.
Ijyb zaps a wand.
The bolt of light hits you!
You die...

........g....#
#####...w....# #.#
#........# #.# ###
#.....(..# ... ..#
######..### #.# #.#
##...###.# #.# ###.w##.#
#.# #########g...# #.#
........h....# #.########
############.###....(....
#....#########
###......... #.........
#......... #.........
#......... #.........


You could see Ijyb and a worm.

Vanquished Creatures
  4 adders (D:2)
  2 ball pythons
  2 bats (D:1)
  3 endoplasms
  2 goblins
  5 hobgoblins
  3 jackals (D:2)
  2 frilled lizards
  2 kobolds
  A rat (D:1)
26 creatures vanquished.

Notes
Turn   | Place    | Note
-------+----------+-------------------------------------------
     0 | D:1      | timneilson the Octopode Shapeshifter began the quest for
                  | the Orb.
     0 | D:1      | Reached XP level 1. HP: 13/13 MP: 1/1
   232 | D:1      | Reached XP level 2. HP: 18/18 MP: 2/2
  1030 | D:2      | Reached skill level 1 in Stealth
  1107 | D:2      | Reached XP level 3. HP: 19/23 MP: 3/3
  1395 | D:2      | Reached XP level 4. HP: 29/29 MP: 4/4
  1484 | D:3      | Found a broken altar of Ashenzari.
  1556 | D:3      | Noticed Ijyb
  1584 | D:3      | Killed from afar by Ijyb

Illustrated notes

Levels and vault maps discovered:
D:1:      arrival_zaba_pyramid, layout_loops_ring
D:2:      layout_rooms, minmay_tetromino_s4
D:3:      layout_basic, nicolae_wu_jian_immortal_techniques,
          nicolae_ashenzari_skybound, tgw_sif, cheibrodos_sewer_entry_bend,
          uniq_ijyb

Skill      XL: |  1  2  3 |
---------------+----------+-----
Stealth        | 1 |  1.3
Fighting       | 2 |  2.0
Dodging        | |  2.6
Unarmed Combat | |  3.4
Shapeshifting  | |  3.3

Action                     |  1- 3 |  4- 6 || total
---------------------------+-------+-------++-------
  Melee: Unarmed           |    43 |    14 ||    57
         Tentacles         |    12 |     2 ||    14
         Constrict         |    12 |     4 ||    16
         Punch             |     1 |       ||     1
    Use: Scroll            |     3 |     4 ||     7
   Stab: Sleeping          |     4 |       ||     4
 Armour: Skin              |    23 |     7 ||    30
  Dodge: Dodged            |    17 |     7 ||    24

Table legend: (Time is in decaauts)
 A = Elapsed time spent in this place.
 B = Non-inter-level travel time spent in this place.
 C = Inter-level travel time spent in this place.
 D = Time resting spent in this place.
 E = Time spent auto-exploring this place.
 F = Levels seen in this place.
 G = Mean time per level.
                   A        B        C        D        E       F      G
               +--------+--------+--------+--------+--------+-----+--------+
         Total |   1580 |   1538 |     42 |    100 |   1167 |   3 |  526.7 |
       Dungeon |   1580 |   1538 |     42 |    100 |   1167 |   3 |  526.7 |
               +--------+--------+--------+--------+--------+-----+--------+

Top non-repeatable levels by time:
     D:1: 944 daAuts
     D:2: 527 daAuts
     D:3: 108 daAuts
